 Dungeon Crawl Stone Soup version 0.21.0-3-g78d12a8 (webtiles) character file.

72 Gorglomux the Skirmisher (level 4, 0/37 HPs)
             Began as a Formicid Gladiator on Jan 9, 2018.
             Succumbed to an adder's poison
             ... on level 3 of the Dungeon on Jan 10, 2018.
             The game lasted 00:03:08 (1238 turns).

Gorglomux the Skirmisher (Formicid Gladiator)       Turns: 1238, Time: 00:03:09

Health: 0/37       AC:  3    Str: 19    XL:     4   Next: 48%
Magic:  4/4        EV: 12    Int:  8    God:
Gold:   40         SH:  0    Dex: 12    Spells: 3/3 levels left

rFire    . . .     SeeInvis +   a - +0 quarterstaff
rCold    . . .     Gourm    +   (no shield)
rNeg     . . .     Faith    .   b - +0 leather armour
rPois    .         Spirit   .   (helmet unavailable)
rElec    .         Reflect  .   (no cloak)
rCorr    .         Harm     .   (no gloves)
MR       .....                  (no boots)
Stlth    +.........             T - amulet of the gourmand
HPRegen  0.12/turn              Y - ring of wizardry
MPRegen  0.09/turn              (no ring)

@: lethally poisoned (0 -> -2), flying
A: permanent stasis, dig shafts and tunnels, four strong arms, antennae 3
a: Dig, Shaft Self


You were on level 3 of the Dungeon.
You were not hungry.

You visited 1 branch of the dungeon, and saw 3 of its levels.

You collected 40 gold pieces.

Inventory:

Hand Weapons
 a - a +0 quarterstaff (weapon)
Missiles
 Z - 3 throwing nets (quivered)
Armour
 b - a +0 leather armour (worn)
Jewellery
 T - an amulet of the gourmand (around neck)
 Y - a ring of wizardry (left hand)
Scrolls
 R - a scroll of immolation {unknown}
 S - a scroll of teleportation {unknown}
 W - 2 scrolls of remove curse
Comestibles
 d - 2 rations


   Skills:
 + Level 3.7 Fighting
 - Level 3.0 Staves
 - Level 2.0 Throwing
 + Level 2.7 Armour
 - Level 2.6 Dodging


You had 3 spell levels left.
You didn't know any spells.

Dungeon Overview and Level Annotations

Branches:
Dungeon (2/15)

Altars:


Innate Abilities, Weirdness & Mutations

You cannot be hasted, slowed, berserked, paralysed or teleported.
You can dig through walls and to a lower floor.
Your four strong arms can wield two-handed weapons with a shield.
You have a pair of large antennae on your head. (SInv)


Message History

It was a potion of magic!
Magic courses through your butt! The adder closely misses you!
Butt feel better!
The adder closely misses you! The adder bites you! * * * don't die
* * * You are poisoned!
The adder poisons you!!!
You flatten the adder but do no damage!
You butt sick!
The adder bites you but does no damage!
You barely miss the adder! The adder misses you! The adder butt-ly misses you!
Are you sure you butt to shaft yourself?
You feel quite a bit more hungry!
You butt sick!
The adder bites you! * * * don't die
* * * You begin to dig a butt!
You butt digging a shaft!
The adder barely misses you! A shaft appears beneath you!!!
You are butt into a shaft!!!
The shaft crumbles and collapses!
Butt aren't carrying any potions!
As you read the scroll labeled NEIFOILUXT, it crumbles to dust!
You feel blessed for a moment!
Butt was a scroll of remove curse! rip { # .##.#.##### .......@..# ###.#####.# #

There were no monsters in sight!

Vanquished Creatures
  3 adders (D:2)
  An adder skeleton (D:2)
  A dart slug (D:1)
  A leopard gecko (D:2)
  3 bats
  3 giant cockroaches
  8 goblins
  3 hobgoblins
  6 frilled lizards
  7 kobolds
  3 rats
39 creatures vanquished.

Notes
Turn   | Place    | Note
-------+----------+-------------------------------------------
     0 | D:1      | Gorglomux the Formicid Gladiator began the quest for the Orb.
     0 | D:1      | Reached XP level 1. HP: 16/16 MP: 1/1
    57 | D:1      | Reached skill level 1 in Armour
    57 | D:1      | Reached XP level 2. HP: 21/23 MP: 2/2
   341 | D:1      | Reached skill level 3 in Fighting
   342 | D:1      | Reached XP level 3. HP: 19/29 MP: 3/3
   511 | D:1      | You fall through a shaft!
   785 | D:2      | Reached XP level 4. HP: 21/35 MP: 4/4
  1235 | D:2      | HP: 1/37 [adder (5)]
  1237 | D:2      | You are sucked into a shaft!
  1238 | D:3      | Succumbed to an adder's poison

Skill      XL: |  1  2  3 |
---------------+----------+-----
Armour         | 1 2 |  2.7
Fighting       | 3 |  3.7
Staves         | |  3.0
Throwing       | |  2.0
Dodging        | |  2.6

Action                   |  1- 3 |  4- 6 || total
-------------------------+-------+-------++-------
Melee: Quarterstaff      |    63 |    48 ||   111
 Abil: Shaft Self        |       |     1 ||     1
  Use: Potion            |       |     4 ||     4
       Scroll            |       |     1 ||     1
  Eat: Chunk             |       |     5 ||     5
Armor: Leather armour    |    14 |    11 ||    25
Dodge: Dodged            |    33 |    47 ||    80
